 Dungeon Crawl Stone Soup version 0.29-a0-369-gd956c00756 (webtiles) character file.

Game seed: 9581559354809760558

9 holysushi the Cutter (level 2, 0/19 HPs)
             Began as a Kobold Monk on May 2, 2022.
             Constricted to death by a ball python (1 damage)
             ... on level 1 of the Dungeon.
             The game lasted 00:00:24 (754 turns).

holysushi the Cutter (Kobold Monk)                   Turns: 754, Time: 00:00:25

Health: 0/19       AC:  2    Str:  8    XL:     2   Next: 25%
Magic:  2/2        EV: 13    Int: 11    God:
Gold:   24         SH:  0    Dex: 17    Spells: 1/1 levels left

rFire   . . .      SeeInvis .   a - +0 short sword
rCold   . . .      Faith    .   (no shield)
rNeg    . . .      Spirit   .   b - +0 robe
rPois   .          Reflect  .   (no helmet)
rElec   .          Harm     .   (no cloak)
rCorr   .          Rampage  .   (no gloves)
Will    .....                   (no boots)
Stlth   +++.......              (no amulet)
HPRegen 0.06/turn               (no ring)
MPRegen 0.08/turn               (no ring)

@: constricted
A: small, no large weapons, nightstalker 3
a: no special abilities


You were on level 1 of the Dungeon.
You visited 1 branch of the dungeon, and saw 1 of its levels.

You collected 24 gold pieces.

Inventory:

Hand Weapons
 a - a +0 short sword (weapon)
Armour
 b - a +0 robe (worn)
Scrolls
 d - a scroll of enchant weapon {unknown}
Potions
 c - a potion of ambrosia


   Skills:
 + Level 3.5 Fighting
 * Level 4.6 Short Blades
 - Level 3.6 Dodging
 - Level 2.6 Stealth


You had one spell level left.
You didn't know any spells.
Your spell library was empty.

Dungeon Overview and Level Annotations

Branches:
Dungeon (1/15)

Altars:


Innate Abilities, Weirdness & Mutations

You are small and have problems with some larger weapons.
You are completely attuned to the shadows.


Message History

There are monsters nearby!
You hit the ball python but do no damage.
The hobgoblin hits you. The ball python barely misses you.
The ball python constricts you.
The ball python bites you but does no damage.
There are monsters nearby!
You hit the ball python.
The ball python is severely wounded.
The ball python closely misses you. The ball python constricts you.
The hobgoblin hits you.
The ball python bites you but does no damage.
There are monsters nearby!
You are too injured to fight recklessly!
You are too injured to fight recklessly!
There are monsters nearby!
Unknown command.
You escape the ball python's grasp.
The ball python attacks as you move away!
The ball python misses you. x2
The ball python attacks as you move away!
The ball python bites you but does no damage.
The ball python barely misses you.
The ball python attacks as you move away!
The ball python bites you but does no damage.
The ball python closely misses you. The ball python barely misses you.
The ball python grabs you. The ball python constricts you.
You escape the ball python's grasp.
The ball python bites you.
* * * LOW HITPOINT WARNING * * *
The ball python barely misses you.
The ball python attacks as you move away!
The ball python bites you but does no damage.
The ball python completely misses you.
The ball python attacks as you move away!
The ball python bites you.
* * * LOW HITPOINT WARNING * * *
The ball python misses you. The ball python bites you.
* * * LOW HITPOINT WARNING * * *
The ball python grabs you. The ball python constricts you.
You die...

....###
........####......#######
......+
.....[..+................
.....# ........#
##...########## #.#..#
.......# ##.## # ###..#
#.....## #.# # .)..÷#
##...### #.# # ####.#
###....## #.# # #.#
#.[...gS#####.# #
####.####.#....S@.... #
..........#.....#####
.###.##.)..†....#
#.##.......#.#
#.........##.#
#####..#.###.# ...... .#


You could see a hobgoblin and 2 ball pythons.

Vanquished Creatures
  An endoplasm (D:1)
  A goblin (D:1)
  2 hobgoblins (D:1)
  2 frilled lizards (D:1)
  4 rats (D:1)
10 creatures vanquished.

Notes
Turn   | Place    | Note
-------+----------+-------------------------------------------
     0 | D:1      | holysushi the Kobold Monk began the quest for the Orb.
     0 | D:1      | Reached XP level 1. HP: 14/14 MP: 1/1
   338 | D:1      | Found a faded altar of an unknown god.
   387 | D:1      | Reached XP level 2. HP: 19/19 MP: 2/2
   754 | D:1      | Constricted to death by a ball python

Illustrated notes

Levels and vault maps discovered:
D:1:      mainiacjoe_arrival_reflecting_pool, layout_loops_corners,
          basic_ecumenical_altar, minmay_pentomino_x2

Action                   || total
-------------------------++-------
Melee: Short sword       ||    36
 Stab: Sleeping          ||     5
Armor: Robe              ||     9
Dodge: Dodged            ||    28

Table legend: (Time is in decaauts)
 A = Elapsed time spent in this place.
 B = Non-inter-level travel time spent in this place.
 C = Inter-level travel time spent in this place.
 D = Time resting spent in this place.
 E = Time spent auto-exploring this place.
 F = Levels seen in this place.
 G = Mean time per level.
                   A        B        C        D        E       F      G
               +--------+--------+--------+--------+--------+-----+--------+
         Total |    749 |    749 |      0 |    168 |    487 |   1 |  749.0 |
       Dungeon |    749 |    749 |      0 |    168 |    487 |   1 |  749.0 |
               +--------+--------+--------+--------+--------+-----+--------+

Top non-repeatable levels by time:
     D:1: 749 daAuts
